 Dungeon Sprint DCSS version 0.23.2-1-ga50397a (webtiles) character file.

Game seed: 15469966881741246186

248 wilfster70 the Carver (level 5, 0/47 HPs)
             Began as a Demonspawn Gladiator on May 23, 2019.
             Was an Initiate of Gozag.
             Slain by a troll (3 damage)
             ... in the Dungeon (Sprint IX: "|||||||||||||||||||||||||||||").
             The game lasted 00:02:17 (443 turns).

wilfster70 the Carver (Demonspawn Gladiator)         Turns: 443, Time: 00:02:18

Health: 0/47       AC: 12    Str: 15    XL:     5   Next: 86%
Magic:  5/5        EV: 19    Int: 10    God:    Gozag
Gold:   0          SH:  0    Dex: 21    Spells: 4/4 levels left

rFire    + . .     SeeInvis .   a - +0 long sword
rCold    + + .     Gourm    .   (no shield)
rNeg     . . .     Faith    .   s - +2 ring mail
rPois    +         Spirit   .   q - +0 helmet
rElec    +         Reflect  .   (no cloak)
rCorr    +         Harm     .   r - +0 pair of gloves
MR       .....     NoTele   +   (no boots)
Stlth    +++.......             (no amulet)
HPRegen  0.15/turn              t - +2 ring of protection
MPRegen  0.09/turn              u - +2 ring of evasion

@: agile, resistant, gold aura, flying, hasted, very quick
A: thin skeletal structure 1, cold resistance 1
a: Potion Petition, Call Merchant, Bribe Branch, Renounce Religion


You were in the Dungeon.
You worshipped Gozag.
Gozag was noncommittal.
You were not hungry.

You visited 1 branch

Inventory:

Hand Weapons
 a - a +0 long sword (weapon)
 p - a +2 rapier of venom
Missiles
 d - 3 throwing nets (quivered)
Armour
 q - a +0 helmet (worn)
 r - a +0 pair of gloves (worn)
 s - a +2 ring mail (worn)
Jewellery
 t - a +2 ring of protection (left hand)
 u - a +2 ring of evasion (right hand)
Wands
 o - a wand of iceblast (10)
Scrolls
 k - 2 scrolls of blinking
 m - 3 scrolls of remove curse
 n - 2 scrolls of amnesia
Potions
 e - 5 potions of curing
 g - 3 potions of heal wounds
 h - a potion of haste
 i - 4 potions of magic
 l - a potion of invisibility
Comestibles
 f - a ration
 j - 3 chunks of flesh


   Skills:
 + Level 6.3 Fighting
 * Level 8.4 Long Blades
 - Level 1.7 Throwing
 + Level 5.3 Armour
 - Level 2.6 Dodging


You had 4 spell levels left.
You didn't know any spells.
Your spell library was empty.

Dungeon Overview and Level Annotations

Branches:
Dungeon (1/1)

Altars:
Cheibriados
Dithmenos
Elyvilon
Fedhas
Gozag
Hepliaklqana
Kikubaaqudgha
Makhleb
Nemelex Xobeh
Okawaru
Qazlal
Ru
Sif Muna
Trog
Uskayaw
Vehumet
Wu Jian
Xom
Yredelemnul
Zin
The Shining One
Beogh
Jiyva
Lugonu


Innate Abilities, Weirdness & Mutations

You have a somewhat thin skeletal structure. (Dex +2, Stealth)
Your flesh is cold resistant. (rC+)


Message History

The troll misses you.
You riposte.
You closely miss the troll.
The troll is heavily wounded.
The troll claws you.
* * * LOW HITPOINT WARNING * * *
The troll misses you.
You hit the troll.
The troll is heavily wounded.
You hit the troll.
The troll is severely wounded.
The jackal is no longer distracted by gold.
The troll barely misses you.
You riposte.
You barely miss the troll.
The troll is heavily wounded.
The troll closely misses you. The troll barely misses you.
You hit the troll.
The troll is severely wounded.
The troll bites you!
* * * LOW HITPOINT WARNING * * *
The troll claws you.
You die...
Your body crumbles into a pile of gold. ▓▓▓▓▓▓▓▓▓▓▓▓▓▓▓▓▓▓▓▓▓▓▓▓ _______'..|)...[@THhZ... ▓▓▓▓▓▓▓▓▓▓▓▓▓▓▓▓▓▓▓▓▓▓▓▓ $ $$$$$$ $$$$$ $ $ $ $$$$$

You could see a hippogriff, a troll, a jackal and a bat skeleton.

Vanquished Creatures
  A yak (D)
  A jelly (D)
  An orc priest (D)
  A worker ant (D)
  An adder (D)
  An ooze (D)
  A bat skeleton (D)
  A giant cockroach (D)
  A hobgoblin (D)
  A bat (D)
  A jackal skeleton (D)
  A rat (D)
12 creatures vanquished.

Notes
Turn   | Place    | Note
-------+----------+-------------------------------------------
     0 | D        | wilfster70 the Demonspawn Gladiator began the quest for the
                  | Orb.
     0 | D        | Reached XP level 1. HP: 16/16 MP: 1/1
     7 | D        | Reached skill level 3 in Long Blades
    10 | D        | Reached skill level 1 in Armour
    19 | D        | Gained mutation: Your flesh is cold resistant. (rC+)
                  | [demonic ancestry]
    19 | D        | Reached XP level 2. HP: 5/23 MP: 2/2
   280 | D        | Reached skill level 5 in Long Blades
   280 | D        | Reached XP level 3. HP: 30/30 MP: 3/3
   283 | D        | Reached XP level 4. HP: 38/38 MP: 4/4
   323 | D        | Found a roughly hewn altar of Beogh.
   323 | D        | Found a snail-covered altar of Cheibriados.
   323 | D        | Found a shadowy altar of Dithmenos.
   323 | D        | Found a white marble altar of Elyvilon.
   323 | D        | Found a blossoming altar of Fedhas.
   323 | D        | Found an opulent altar of Gozag.
   324 | D        | Found a hazy altar of Hepliaklqana.
   325 | D        | Found a viscous altar of Jiyva.
   326 | D        | Found an ancient bone altar of Kikubaaqudgha.
   327 | D        | Found a corrupted altar of Lugonu.
   328 | D        | Found a burning altar of Makhleb.
   329 | D        | Found a sparkling altar of Nemelex Xobeh.
   330 | D        | Found an iron altar of Okawaru.
   331 | D        | Found a stormy altar of Qazlal.
   332 | D        | Found a sacrificial altar of Ru.
   333 | D        | Found a deep blue altar of Sif Muna.
   334 | D        | Found a bloodstained altar of Trog.
   335 | D        | Found a hide-covered altar of Uskayaw.
   341 | D        | Became a worshipper of Gozag Ym Sagoz the Greedy
   347 | D        | Found a radiant altar of Vehumet.
   348 | D        | Found an ornate altar of the Wu Jian Council.
   349 | D        | Found a shimmering altar of Xom.
   350 | D        | Found a basalt altar of Yredelemnul.
   351 | D        | Found a glowing silver altar of Zin.
   352 | D        | Found a glowing golden altar of the Shining One.
   411 | D        | Noticed a yak
   411 | D        | Noticed a troll
   411 | D        | Noticed a hippogriff
   416 | D        | Reached skill level 6 in Long Blades
   431 | D        | Killed a yak
   431 | D        | Reached skill level 8 in Long Blades
   431 | D        | Reached skill level 5 in Armour
   431 | D        | Gained mutation: You have a somewhat thin skeletal
                  | structure. (Dex +2, Stealth) [demonic ancestry]
   431 | D        | Reached XP level 5. HP: 27/47 MP: 5/5
   443 | D        | Slain by a troll

Skill      XL: |  1  2  3  4 |
---------------+-------------+-----
Long Blades    | 3 5 8 |  8.4
Armour         | 1 2 3 5 |  5.3
Fighting       | 3 4 6 |  6.3
Throwing       | |  1.7
Dodging        | |  2.6

Action                   |  1- 3 |  4- 6 || total
-------------------------+-------+-------++-------
Melee: Long sword        |    26 |    31 ||    57
Invok: Potion Petition   |       |     1 ||     1
  Use: Potion            |     1 |       ||     1
 Stab: Sleeping          |     1 |       ||     1
Armor: Leather armour    |    11 |       ||    11
       Ring mail         |       |     7 ||     7
Dodge: Dodged            |    16 |    26 ||    42
       Rpst.: Long sword |     8 |     9 ||    17
